 Dungeon Crawl Stone Soup version 0.31.0-11-ge490571c62 (webtiles) character file.

Game seed: 11318272931025970946

1841 Bobbunny the Fighter (level 8, -3/75 (78) HPs)
             Began as a Minotaur Monk on Feb 4, 2024.
             Was a Priest of Qazlal.
             Slain by a wight
             ... wielding a +2 hand axe
              (8 damage)
             ... on level 7 of the Dungeon.
             The game lasted 00:04:54 (5149 turns).

Bobbunny the Fighter (Minotaur Monk)                Turns: 5149, Time: 00:04:54

HP:   -3/75 (78)    AC:  6    Str: 18    XL:     8   Next: 87%
MP:   7/10          EV: 12    Int:  7    God:    Qazlal [***...]
Gold: 384           SH:  3    Dex: 13    Spells: 7/7 levels left

rFire   . . .        r - +0 war axe
rCold   . . .        d - orb {light}
rNeg    . . .        G - +3 leather armour
rPois   .            (helmet restricted)
rElec   .            (no cloak)
rCorr   .            (no gloves)
SInv    +            (no boots)
Will    .....        n - amulet of regeneration
Stlth   +            j - ring of flight
HPRegen 1.12/turn    i - ring of see invisible
MPRegen 0.12/turn

%: no passive effects
@: flying, glowing, lightly drained
A: horns 2, retaliatory headbutt
a: Renounce Religion, Upheaval, Elemental Force


You were on level 7 of the Dungeon.
You worshipped Qazlal.
Qazlal was most pleased with you.
You visited 2 branches of the dungeon, and saw 8 of its levels.

You collected 384 gold pieces.

Inventory:

Hand Weapons
 r - a +0 war axe (weapon)
 u - a +2 hand axe of flaming
Missiles
 q - 5 atropa-tipped darts (quivered)
 s - 5 javelins
 t - 2 poisoned darts
 C - 2 boomerangs
Armour
 d - an orb of light (worn)
 p - a +0 chain mail
 G - a +3 leather armour (worn)
Jewellery
 i - a ring of see invisible (right hand)
 j - a ring of flight (left hand)
 n - an amulet of regeneration (around neck)
Wands
 m - a wand of acid (2)
 z - a wand of paralysis (6)
 E - a wand of roots (7)
Scrolls
 f - 3 scrolls of teleportation {unknown}
 g - a scroll of silence {unknown}
 h - 8 scrolls of identify {unknown}
 k - a scroll of revelation {unknown}
 l - a scroll of summoning {unknown}
 v - a scroll of acquirement {unknown}
 w - a scroll of fear {unknown}
 x - a scroll of fog {unknown}
 y - 2 scrolls of immolation {unknown}
 B - a scroll of brand weapon {unknown}
 D - a scroll of poison {unknown}
 F - a scroll of amnesia {unknown}
Potions
 a - a potion of resistance {unknown}
 b - 3 potions of heal wounds {unknown}
 c - a potion of ambrosia
 e - 3 potions of attraction {unknown}
 o - 3 potions of curing {unknown}
 A - a potion of lignification {unknown}


   Skills:
 + Level 9.2 Fighting
 + Level 9.1 Axes
 - Level 0.5 Throwing
 + Level 2.0 Armour
 - Level 3.2 Dodging
 + Level 5.3 Invocations


You had 7 spell levels left.
You didn't know any spells.
Your spell library contained the following spells:

 Spells                   Type           Power      Damage    Failure   Level
 Necrotise                Necr           0%         1d4       50%         1
 Summon Small Mammal      Summ           0%         N/A       50%         1
 Call Canine Familiar     Summ           0%         N/A       86%         3
 Vampiric Draining        Necr           0%         2d6       86%         3
 Anguish                  Hex/Necr       0%         N/A       99%         4
 Animate Dead             Necr           0%         N/A       99%         4
 Cause Fear               Hex            0%         N/A       99%         4
 Leda's Liquefaction      Alch/Erth      0%         N/A       99%         4
 Martyr's Knell           Necr/Summ      0%         N/A       99%         4
 Summon Blazeheart Golem  Fire/Summ      0%         N/A       99%         4
 Vhi's Electric Charge    Tloc/Air       0%         N/A       99%         4
 Arcjolt                  Conj/Air       0%         1d10      100%        5
 Borgnjor's Vile Clutch   Necr/Erth      0%         N/A       100%        5
 Curse of Agony           Necr           0%         N/A       100%        5
 Lee's Rapid Deconstruct  Erth           0%         3d4*      100%        5
 Bombard                  Conj/Erth      0%         9d1       100%        6
 Death Channel            Necr           0%         N/A       100%        6
 Plasma Beam              Fire/Air       0%         2x1d10    100%        6
 Enfeeble                 Hex            0%         N/A       100%        7


Dungeon Overview and Level Annotations

Branches:
Dungeon (7/15)             Temple (1/1) D:4

Altars:
Cheibriados
Dithmenos
Elyvilon
Fedhas
Gozag
Hepliaklqana
Kikubaaqudgha
Makhleb
Nemelex Xobeh
Okawaru
Qazlal
Ru
Sif Muna
Uskayaw
Vehumet
Wu Jian
Xom
Yredelemnul
Zin
The Shining One


Innate Abilities, Weirdness & Mutations

You have a pair of horns on your head.
You reflexively headbutt those who attack you in melee.


Message History

The wight hits you with a +3 long sword.
You feel drained.
You slash the wight!
You destroy the wight!
Qazlal accepts your kill.
You completely miss the wight. You hit the wight.
A wight comes into view. It is wielding a +2 hand axe.
The wight hits you with a +3 long sword!
The wight hits you with a +3 flail.
Your life force feels restored.
Your Axes skill increases to level 9!
You slash the wight!
You destroy the wight!
Qazlal accepts your kill.
You hit the wight.
The wight hits you with a +3 long sword!
You are too injured to fight recklessly!
You barely miss the wight. Your headbutt misses the wight.
The wight is lightly damaged.
The wight hits you but does no damage.
You hit the wight. You headbutt the wight!
The wight is heavily damaged.
You slash the wight! The wight hits you with a +4 flail!
You feel drained.
The wight hits you with a +3 long sword!
* * * LOW HITPOINT WARNING * * *
You feel drained.
* * * LOW HITPOINT WARNING * * *
You hit the wight.
The wight is severely damaged.
You slash the wight!
You destroy the wight!
Qazlal accepts your kill. The wight hits you with a +4 flail.
* * * LOW HITPOINT WARNING * * *
Your Armour skill increases to level 2!
Aiming: Upheaval
Press: ? - help, Dir - move target The ground shakes violently, spewing rubble!
The wight completely misses you. The wight hits you with a +2 hand axe!
You die...

.## ##..... .. .......
..#....... #.........
#......... #..
##........[
...##.zz)......
#.[....@°......
#####....).....$.
##...#..##).......
#.......##........ #
####.......#.....#.. ##
#.##................
.####..#......#.......##
..#......##.###......##
.........##.......#..#


You could see 2 wights.

Vanquished Creatures
  Pikel (D:4)
  Edmund (D:5)
  A sky beast (D:7)
  An ogre (D:6)
  3 scorpions
  3 wights (D:7)
  5 jellies
  2 orc priests
  A gnoll bouda (D:5)
  5 iguanas
  A sleepcap (D:6)
  Ijyb (D:4)
  2 orc wizards
  7 gnolls
  6 adders
  2 ufetubi (D:5)
  3 dart slugs
  2 ribbon worms
  19 orcs
  12 ball pythons
  4 bats
  8 endoplasms
  2 giant cockroaches
  10 hobgoblins
  10 kobolds
  5 quokkas
  3 frilled lizards
  4 goblins
  6 rats
130 creatures vanquished.

Notes
Turn   | Place    | Note
-------+----------+-------------------------------------------
     0 | D:1      | Bobbunny the Minotaur Monk began the quest for the Orb.
     0 | D:1      | Reached XP level 1. HP: 19/19 MP: 0/0
    51 | D:1      | Reached XP level 2. HP: 17/27 MP: 1/1
   309 | D:1      | Reached XP level 3. HP: 28/34 MP: 2/2
   350 | D:1      | Found a faded altar of an unknown god.
   919 | D:2      | Found a snail-covered altar of Cheibriados.
  1304 | D:2      | Reached skill level 5 in Axes
  1304 | D:2      | Reached XP level 4. HP: 41/41 MP: 3/3
  1546 | D:3      | Reached skill level 5 in Fighting
  2241 | D:4      | Found a staircase to the Ecumenical Temple.
  2278 | D:4      | Reached XP level 5. HP: 43/48 MP: 4/4
  2374 | Temple   | Entered the Ecumenical Temple
  2394 | Temple   | Became a worshipper of Qazlal Stormbringer
  2394 | Temple   | Reached * piety under Qazlal
  2394 | Temple   | Reached ** piety under Qazlal
  2688 | D:4      | Reached XP level 6. HP: 57/57 MP: 5/5
  2695 | D:4      | Noticed Pikel
  2703 | D:5      | Entered Level 5 of the Dungeon
  2793 | D:5      | Noticed Edmund
  2802 | D:5      | Killed Edmund
  2803 | D:5      | Reached skill level 1 in Invocations
  3185 | D:5      | Reached XP level 7. HP: 29/64 MP: 7/7
  3904 | D:4      | Noticed Ijyb
  3906 | D:4      | Paralysed by Ijyb for 3 turns
  3913 | D:4      | Killed Ijyb
  4393 | D:4      | Killed Pikel
  4394 | D:4      | Reached XP level 8. HP: 55/75 MP: 8/10
  4641 | D:6      | Found a glowing golden altar of the Shining One.
  4906 | D:6      | Found a basalt altar of Yredelemnul.
  4908 | D:6      | Noticed a profane servitor
  4916 | D:6      | Noticed an angel
  5124 | D:7      | Reached skill level 1 in Armour
  5124 | D:7      | Reached skill level 5 in Invocations
  5135 | D:7      | Reached *** piety under Qazlal
  5149 | D:7      | Slain by a wight

Illustrated notes

Levels and vault maps discovered:
D:1:      dpeg_arrival_arbitrary_a, layout_basic,
          chequers_ecumenical_altar_island, st_stairs_12
D:2:      layout_loops_ring, basic_altar, nicolae_eternal_life
D:3:      layout_loops_ring
D:4:      layout_loops_corners, minmay_temple_entry_drinking_statues,
          minmay_starry_boxes, uniq_pikel, uniq_ijyb
D:5:      layout_basic, uniq_edmund
D:6:      layout_basic, grunt_temple_overflow_holy_war
D:7:      layout_cave_pools
Temple:   regret_index_temple_chain_breaker

Skill      XL: |  1  2  3  4  5  6  7  8 |
---------------+-------------------------+-----
Fighting       | 4 5 6 8 9 |  9.2
Axes           | 4 5 6 8 9 |  9.1
Invocations    | 2 4 5 |  5.3
Armour         | 2 |  2.0
Throwing       | |  0.5
Dodging        | |  3.2

Action                     |  1- 3 |  4- 6 |  7- 9 || total
---------------------------+-------+-------+-------++-------
  Melee: Hand axe          |    85 |    80 |       ||   165
         Headbutt          |    12 |    33 |    20 ||    65
         War axe           |       |    52 |    79 ||   131
  Throw: Dart              |       |     2 |       ||     2
 Invoke: Upheaval          |       |       |     1 ||     1
 Armour: Robe              |    21 |       |       ||    21
         Scale mail        |     9 |       |       ||     9
         Chain mail        |     3 |   124 |    48 ||   175
         Leather armour    |       |       |    13 ||    13
  Dodge: Dodged            |    52 |    49 |    18 ||   119
